 Dungeon Sprint DCSS version 0.30-a0-862-g1aabd4f9c5 (webtiles) character file.

Game seed: 469481163686776311

1096 dialectric the Basher (level 8, -6/58 HPs)
             Began as a Gargoyle Fighter on Mar 8, 2023.
             Was an Initiate of Trog.
             Mangled by a polar bear (8 damage)
             ... in the Dungeon (Sprint II: "The Violet Keep of Menkaure").
             The game lasted 00:01:36 (155 turns).

dialectric the Basher (Gargoyle Fighter)             Turns: 155, Time: 00:01:36

Health: -6/58      AC: 14    Str: 20    XL:     8   Next: 31%
Magic:  8/8        EV: 11    Int:  7    God:    Trog [......]
Gold:   243        SH:  0    Dex: 11    Spells: 7/7 levels left

rFire   . . .      SeeInvis .    a - +0 flail
rCold   . . .      Faith    .    (no shield)
rNeg    + . .      Spirit   .    b - +0 scale mail
rPois   ∞          Reflect  .    (no helmet)
rElec   +          Rampage  .    (no cloak)
rCorr   .          NoTele   +    (no gloves)
Will    .....                    (no boots) Stlth
                                 (no amulet)
HPRegen 0.29/turn                (no ring)
MPRegen 0.11/turn                (no ring)

@: no status effects
A: sickness immunity, AC +5, negative energy resistance 1, electricity
resistance, torment resistance 1, petrification resistance, dopey 1, screaming
1, subdued magic 1
a: Renounce Religion


You were in the Dungeon.
You worshipped Trog.
Trog was noncommittal.
You visited 1 branch You collected 243 gold pieces.

Inventory:

Hand Weapons
 a - a +0 flail (weapon)
Armour
 b - a +0 scale mail (worn)
 c - a +0 buckler
Scrolls
 j - a scroll of blinking
Potions
 g - a potion of haste
 h - 2 potions of magic


   Skills:
 + Level 10.3 Fighting
 * Level 11.8 Maces & Flails
 + Level 10.6 Armour
 + Level 3.6 Dodging
 + Level 0.2 Stealth
 - Level 3.2 Shields


You had 7 spell levels left.
You didn't know any spells.
Your spell library was empty.

Dungeon Overview and Level Annotations

Branches:
Dungeon (1/1)

Altars:
Cheibriados
Dithmenos
Elyvilon
Fedhas
Gozag
Hepliaklqana
Kikubaaqudgha
Makhleb
Nemelex Xobeh
Okawaru
Qazlal
Ru
Sif Muna
Trog
Uskayaw
Vehumet
Wu Jian
Xom
Yredelemnul
Zin
The Shining One
Jiyva
Lugonu


Innate Abilities, Weirdness & Mutations

You are immune to sickness and miasma.
Your stone body is resilient. (AC +5)
You are immune to poison.
You resist negative energy. (rN+)
You are resistant to electric shocks. (rElec)
You are resistant to unholy torment.
You are immune to petrification.
You are dopey. (Int -2)
You occasionally shout uncontrollably at your foes.
Your spells are a little easier to cast, but a little less powerful.


Message History

The polar bear claws you but does no damage.
The polar bear closely misses you. x2
The polar bear claws you but does no damage. x2
You barely miss the polar bear. The polar bear bites you.
The polar bear claws you but does no damage. x2
The polar bear bites you!
* * * LOW HITPOINT WARNING * * *
The polar bear barely misses you.
The polar bear claws you but does no damage.
You closely miss the polar bear.
The polar bear bites you but does no damage.
The polar bear barely misses you. The polar bear closely misses you.
The polar bear bites you.
* * * LOW HITPOINT WARNING * * *
The polar bear barely misses you. x2
Unknown command.
You hit the polar bear.
The polar bear is lightly wounded.
You barely miss the polar bear.
The polar bear is lightly wounded.
The polar bear bites you.
* * * LOW HITPOINT WARNING * * *
The polar bear barely misses you.
The polar bear claws you but does no damage.
The polar bear barely misses you.
The polar bear claws you but does no damage. x2
You hit the polar bear but do no damage.
The polar bear is lightly wounded.
The polar bear bites you but does no damage.
The polar bear completely misses you.
The polar bear claws you but does no damage.
The polar bear bites you but does no damage.
The polar bear claws you but does no damage. x2
You hit the polar bear.
The polar bear is lightly wounded.
The polar bear bites you.
* * * LOW HITPOINT WARNING * * *
The polar bear claws you but does no damage. x2
The polar bear bites you!
You die... ○B

...# ^..# #▓((!)?!)( #$
###..## #..# .#▓$!(!:?$( +#
#.##..# +..# .#▓?![?(?=[
.##.#.#..# #..# .#▓!??:([$)
<.'###'..####..##.#▓[!$!!((?
.##.#.#.§..###...##▓▓▓▓▓▓▓+▓
+###.##......~~yc~~~~~~~~~..
#.####~~.....~#h########+###
#.#~~~§~~~..~#h@_._._.#S~~#
##~~§~~~~~.~#._._._..#S~≈≈
#~○~≈≈≈~~~~§#_._._._.#~§~~
~~~○~~≈≈≈≈~~~#._._._._#~§~§
'''#°≈≈≈§≈≈≈~#.._._._.#§~~§
##≈≈§###≈≈#..._._._#§~~~
#§§#...._._.#§~≈§
#§§#....._._#§≈≈≈
≈≈≈##########~≈≈≈


You could see 2 polar bears, a yaktaur and a hornet.

Vanquished Creatures
  A polar bear (D)
  2 wyverns (D)
  2 neqoxecs (D)
  A water moccasin (D)
  4 necrophages (D)
10 creatures vanquished.

Vanquished Creatures (others)
  A neqoxec (D)
1 creature vanquished.

Grand Total: 11 creatures vanquished

Notes
Turn   | Place    | Note
-------+----------+-------------------------------------------
     0 | D        | dialectric the Gargoyle Fighter began the quest for the
                  | Orb.
     0 | D        | Reached XP level 1. HP: 14/14 MP: 1/1
     8 | D        | Noticed a necrophage
     8 | D        | Noticed a necrophage
     8 | D        | Noticed a necrophage
     8 | D        | Noticed a necrophage
    15 | D        | Killed a necrophage
    16 | D        | Reached skill level 5 in Fighting
    16 | D        | Reached skill level 3 in Maces & Flails
    16 | D        | Reached skill level 5 in Armour
    16 | D        | Reached XP level 2. HP: 17/21 MP: 2/2
    16 | D        | Reached XP level 3. HP: 22/26 MP: 3/3
    16 | D        | Reached XP level 4. HP: 26/31 MP: 4/4
    25 | D        | Killed a necrophage
    26 | D        | Reached skill level 4 in Maces & Flails
    26 | D        | Reached XP level 5. HP: 25/37 MP: 5/5
    30 | D        | Reached skill level 5 in Maces & Flails
    34 | D        | Reached skill level 6 in Maces & Flails
    34 | D        | Reached XP level 6. HP: 28/44 MP: 6/6
    35 | D        | Noticed a boulder beetle
    35 | D        | Noticed a boulder beetle
    38 | D        | Noticed a wyvern
    38 | D        | Noticed a wyvern
    41 | D        | Noticed a neqoxec
    43 | D        | Gained mutation: You are dopey. (Int -2) [a neqoxec]
    44 | D        | Noticed a neqoxec
    50 | D        | Killed a neqoxec
    51 | D        | Reached skill level 8 in Maces & Flails
    54 | D        | Gained mutation: Your spells are a little easier to cast,
                  | but a little less powerful. [a neqoxec]
    56 | D        | Gained mutation: You occasionally shout uncontrollably at
                  | your foes. [a neqoxec]
    57 | D        | Killed a neqoxec
    58 | D        | Reached skill level 9 in Maces & Flails
    58 | D        | Reached XP level 7. HP: 33/51 MP: 7/7
    69 | D        | Killed a wyvern
    69 | D        | Killed a neqoxec
    70 | D        | Reached skill level 10 in Maces & Flails
    71 | D        | Killed a wyvern
    72 | D        | Reached skill level 10 in Fighting
    72 | D        | Reached skill level 10 in Armour
   102 | D        | Found a hazy altar of Hepliaklqana.
   102 | D        | Found a snail-covered altar of Cheibriados.
   103 | D        | Found a stormy altar of Qazlal.
   103 | D        | Found a viscous altar of Jiyva.
   103 | D        | Found a shadowy altar of Dithmenos.
   104 | D        | Found a sacrificial altar of Ru.
   104 | D        | Found an ancient bone altar of Kikubaaqudgha.
   104 | D        | Found a white marble altar of Elyvilon.
   105 | D        | Found an ornate altar of the Wu Jian Council.
   105 | D        | Found a shimmering blue altar of Sif Muna.
   105 | D        | Found a corrupted altar of Lugonu.
   106 | D        | Found a shimmering altar of Xom.
   106 | D        | Found a bloodstained altar of Trog.
   106 | D        | Found a burning altar of Makhleb.
   107 | D        | Found a glowing golden altar of the Shining One.
   107 | D        | Found a basalt altar of Yredelemnul.
   107 | D        | Found a hide-covered altar of Uskayaw.
   109 | D        | Found a glowing silver altar of Zin.
   109 | D        | Found a radiant altar of Vehumet.
   109 | D        | Found a blossoming altar of Fedhas.
   109 | D        | Found a sparkling altar of Nemelex Xobeh.
   110 | D        | Found an opulent altar of Gozag.
   110 | D        | Found an iron altar of Okawaru.
   115 | D        | Became a worshipper of Trog the Wrathful
   132 | D        | Noticed a hornet
   132 | D        | Noticed a polar bear
   132 | D        | Noticed a polar bear
   133 | D        | Noticed a yaktaur
   133 | D        | Noticed a polar bear
   140 | D        | Reached skill level 11 in Maces & Flails
   140 | D        | Reached XP level 8. HP: 40/57 MP: 8/8
   148 | D        | Killed a polar bear
   155 | D        | HP: 2/58 [polar bear (2)]
   155 | D        | Mangled by a polar bear

Illustrated notes

Levels and vault maps discovered:
D:        the_violet_keep_of_menkaure [sprint2_stairs_cluster_1,
          sprint2_shoproom, sprint2_temple, sprint2_basic_supplies,
          sprint2_obstacle_2, sprint2_obstacle_5, sprint2_obstacle_6,
          sprint2_obstacle_7, sprint2_obstacle_1, sprint2_timed_cluster_1,
          sprint2_smallroom_cluster_1, sprint2_smallroom_final_cluster_1,
          sprint2_transparent_cluster_1, sprint2_second_timed_cluster_1,
          sprint2_sniper_area_1, sprint2_heavy_combat_area_1,
          sprint2_mutation_trap_area_1, sprint2_forest_area_1,
          sprint2_light_combat_area_1, sprint2_behind_water_1,
          sprint2_near_end_vault_1]

Skill      XL: |  1  2  3  4  5  6  7 |
---------------+----------------------+-----
Fighting       | 5 6 7 9 10 | 10.3
Maces & Flails | 3 4 6 9 11 | 11.8
Armour         | 5 6 7 9 10 | 10.6
Dodging        | 3 |  3.6
Stealth        | |  0.2
Shields        | |  3.2

Action                     |  1- 3 |  4- 6 |  7- 9 || total
---------------------------+-------+-------+-------++-------
  Melee: Flail             |     6 |    33 |    31 ||    70
    Use: Potion            |     1 |       |     3 ||     4
 Armour: Scale mail        |     3 |    11 |    42 ||    56
  Dodge: Dodged            |     2 |    11 |    33 ||    46

Table legend: (Time is in decaauts)
 A = Elapsed time spent in this place.
 B = Non-inter-level travel time spent in this place.
 C = Inter-level travel time spent in this place.
 D = Time resting spent in this place.
 E = Time spent auto-exploring this place.
 F = Levels seen in this place.
 G = Mean time per level.
                   A        B        C        D        E       F      G
               +--------+--------+--------+--------+--------+-----+--------+
         Total |    169 |    169 |      0 |     31 |      0 |   1 |  169.0 |
       Dungeon |    169 |    169 |      0 |     31 |      0 |   1 |  169.0 |
               +--------+--------+--------+--------+--------+-----+--------+

Top non-repeatable levels by time:
       D: 169 daAuts
